Workbook
Name Hidden_13: Hidden_1!$A$1:$A$11
Name Hidden_211: Hidden_2!$A$1:$A$2

Sheet Reporte de Formatos
A1: 56156
A2: TÍTULO | D2: NOMBRE CORTO | G2: DESCRIPCIÓN
A3: Remuneración bruta y neta | D3: LTAIPSLP84XI | G3: La información relativa a la remuneración bruta y neta de todos los miembros del sujeto obligado de acuerdo con los tabuladores de sueldos y salarios, todas las percepciones en efectivo o en especie, sueldos, prestaciones, gratificaciones, primas, comisiones, dietas, bonos, estímulos, apoyos económicos, ingresos sistemas de compensación, entre otros.
A4: 1 | B4: 4 | C4: 4 | D4: 9 | E4: 1 | F4: 2 | G4: 2 | H4: 2 | I4: 1 | J4: 1 | K4: 1 | L4: 9 | M4: 6 | N4: 1 | O4: 6 | P4: 1 | Q4: 10 | R4: 10 | S4: 10 | T4: 10 | U4: 10 | V4: 10 | W4: 10 | X4: 10 | Y4: 10 | Z4: 10 | AA4: 10 | AB4: 10 | AC4: 10 | AD4: 2 | AE4: 4 | AF4: 13 | AG4: 14
A5: 549532 | B5: 549544 | C5: 549524 | D5: 549545 | E5: 549546 | F5: 549527 | G5: 549533 | H5: 549534 | I5: 549535 | J5: 549528 | K5: 549525 | L5: 549536 | M5: 549547 | N5: 549548 | O5: 549537 | P5: 549526 | Q5: 549551 | R5: 549538 | S5: 549552 | T5: 549522 | U5: 549542 | V5: 549529 | W5: 549539 | X5: 549530 | Y5: 549531 | Z5: 549549 | AA5: 549553 | AB5: 549550 | AC5: 549554 | AD5: 549540 | AE5: 549541 | AF5: 549543 | AG5: 549523
A6: Tabla Campos
A7: Ejercicio | B7: Fecha de inicio del periodo que se informa | C7: Fecha de término del periodo que se informa | D7: Tipo de integrante del sujeto obligado (catálogo) | E7: Clave o nivel del puesto | F7: Denominación o descripción del puesto | G7: Denominación del cargo | H7: Área de adscripción | I7: Nombre (s) | J7: Primer apellido | K7: Segundo apellido | L7: Sexo (catálogo) | M7: Monto de la remuneración bruta, de conformidad al Tabulador de sueldos y salarios que corresponda | N7: Tipo de moneda de la remuneración bruta | O7: Monto de la remuneración neta, de conformidad al Tabulador de sueldos y salarios que corresponda | P7: Tipo de moneda de la remuneración neta | Q7: Percepciones adicionales en dinero, Monto bruto y neto, tipo de moneda y su periodicidad Tabla_549551 | R7: Percepciones adicionales en especie y su periodicidad Tabla_549538 | S7: Ingresos, monto bruto y neto, tipo de moneda y su periodicidad Tabla_549552 | T7: Sistemas de compensación, monto bruto y neto, tipo de moneda y su periodicidad Tabla_549522 | U7: Gratificaciones, monto bruto y neto, tipo de moneda y su periodicidad Tabla_549542 | V7: Primas, monto bruto y neto, tipo de moneda y su periodicidad Tabla_549529 | W7: Comisiones, monto bruto y neto, tipo de moneda y su periodicidad Tabla_549539 | X7: Dietas, monto bruto y neto, tipo de moneda y su periodicidad Tabla_549530 | Y7: Bonos, monto bruto y neto, tipo de moneda y su periodicidad Tabla_549531 | Z7: Estímulos, monto bruto y neto, tipo de moneda y su periodicidad Tabla_549549 | AA7: Apoyos económicos, monto bruto y neto, tipo de moneda y su periodicidad Tabla_549553 | AB7: Prestaciones económicas, monto bruto y neto, tipo de moneda y su periodicidad Tabla_549550 | AC7: Prestaciones en especie y su periodicidad Tabla_549554 | AD7: Área(s) responsable(s) que genera(n), posee(n), publica(n) y actualizan la información | AE7: Fecha de validación | AF7: Fecha de Actualización | AG7: Nota
A8: 2023 | B8: 45170 | C8: 45199 | D8: Servidor(a) público(a) | E8: 3 | F8: OPERADOR DE BOMBEO | G8: OPERADOR DE BOMBEO | H8: CAPTACION | I8: RICARDO | J8: MORA | K8: SERNA | L8: Masculino | M8: 10585.2 | N8: PESOS | O8: 12706.5 | P8: PESOS | Q8: =+Tabla_549551!A4 -> 1 | R8: =+Tabla_549538!A4 -> 1 | S8: =+Tabla_549552!A4 -> 1 | T8: =+Tabla_549522!A4 -> 1 | U8: =+Tabla_549542!A4 -> 1 | V8: =+Tabla_549529!A4 -> 1 | W8: =+Tabla_549539!A4 -> 1 | X8: =+Tabla_549530!A4 -> 1 | Y8: =+Tabla_549531!A4 -> 1 | Z8: =+Tabla_549549!A4 -> 1 | AA8: =+Tabla_549553!A4 -> 1 | AB8: =+Tabla_549550!A4 -> 1 | AC8: =+Tabla_549554!A4 -> 1 | AD8: RECURSOS HUMANOS | AE8: 45201 | AF8: 45205 | AG8: Informacion correspondiente al mes de SEPTIEMBRE 2023.
A9: 2023 | B9: 45170 | C9: 45199 | D9: Servidor(a) público(a) | E9: 19 | F9: JEFE DE DEPARTAMENTO | G9: JEFE DE DEPARTAMENTO | H9: MANTENIMIENTO A LA LINEA DE PRODUCCION DE LOS SERVICIOS | I9: CESAR | J9: LOPEZ | K9: BALDERAS | L9: Masculino | M9: 32700 | N9: PESOS | O9: 3251 | P9: PESOS | Q9: =+Tabla_549551!A5 -> 2 | R9: =+Tabla_549538!A5 -> 2 | S9: =+Tabla_549552!A5 -> 2 | T9: =+Tabla_549522!A5 -> 2 | U9: =+Tabla_549542!A5 -> 2 | V9: =+Tabla_549529!A5 -> 2 | W9: =+Tabla_549539!A5 -> 2 | X9: =+Tabla_549530!A5 -> 2 | Y9: =+Tabla_549531!A5 -> 2 | Z9: =+Tabla_549549!A5 -> 2 | AA9: =+Tabla_549553!A5 -> 2 | AB9: =+Tabla_549550!A5 -> 2 | AC9: =+Tabla_549554!A5 -> 2 | AD9: RECURSOS HUMANOS | AE9: 45201 | AF9: 45175 | AG9: Informacion correspondiente al mes de SEPTIEMBRE 2023.
A10: 2023 | B10: 45170 | C10: 45199 | D10: Funcionario | E10: 20 | F10: SUBDIRECTOR DE AREA | G10: SUBDIRECTOR DE AREA | H10: SUBDIRECCION TECNICA | I10: JOSE RAYMUNDO | J10: CANO | K10: TINAJERO | L10: Masculino | M10: 47557.5 | N10: PESOS | O10: 35139.5 | P10: PESOS | Q10: =+Tabla_549551!A6 -> 3 | R10: =+Tabla_549538!A6 -> 3 | S10: =+Tabla_549552!A6 -> 3 | T10: =+Tabla_549522!A6 -> 3 | U10: =+Tabla_549542!A6 -> 3 | V10: =+Tabla_549529!A6 -> 3 | W10: =+Tabla_549539!A6 -> 3 | X10: =+Tabla_549530!A6 -> 3 | Y10: =+Tabla_549531!A6 -> 3 | Z10: =+Tabla_549549!A6 -> 3 | AA10: =+Tabla_549553!A6 -> 3 | AB10: =+Tabla_549550!A6 -> 3 | AC10: =+Tabla_549554!A6 -> 3 | AD10: RECURSOS HUMANOS | AE10: 45201 | AF10: 45175 | AG10: Informacion correspondiente al mes de SEPTIEMBRE 2023.
A11: 2023 | B11: 45170 | C11: 45199 | D11: Servidor(a) público(a) | E11: 10 | F11: ASISTENTE DE AREA | G11: ASISTENTE DE AREA | H11: CONTROL DE USUARIOS | I11: LAURA | J11: NAJERA | K11: OJEDA | L11: Femenino | M11: 18477.6 | N11: PESOS | O11: 10126 | P11: PESOS | Q11: =+Tabla_549551!A7 -> 4 | R11: =+Tabla_549538!A7 -> 4 | S11: =+Tabla_549552!A7 -> 4 | T11: =+Tabla_549522!A7 -> 4 | U11: =+Tabla_549542!A7 -> 4 | V11: =+Tabla_549529!A7 -> 4 | W11: =+Tabla_549539!A7 -> 4 | X11: =+Tabla_549530!A7 -> 4 | Y11: =+Tabla_549531!A7 -> 4 | Z11: =+Tabla_549549!A7 -> 4 | AA11: =+Tabla_549553!A7 -> 4 | AB11: =+Tabla_549550!A7 -> 4 | AC11: =+Tabla_549554!A7 -> 4 | AD11: RECURSOS HUMANOS | AE11: 45201 | AF11: 45175 | AG11: Informacion correspondiente al mes de SEPTIEMBRE 2023.
A12: 2023 | B12: 45170 | C12: 45199 | D12: Servidor(a) público(a) | E12: 17 | F12: COORDINADOR DE RECUPERACION DE PERDIDAS | G12: COORDINADOR DE RECUPERACION DE PERDIDAS | H12: DETECCION DE FUGAS OCULTAS | I12: FERNANDO | J12: LOPEZ | K12: FUENTES | L12: Masculino | M12: 25463.4 | N12: PESOS | O12: 20370.5 | P12: PESOS | Q12: =+Tabla_549551!A8 -> 5 | R12: =+Tabla_549538!A8 -> 5 | S12: =+Tabla_549552!A8 -> 5 | T12: =+Tabla_549522!A8 -> 5 | U12: =+Tabla_549542!A8 -> 5 | V12: =+Tabla_549529!A8 -> 5 | W12: =+Tabla_549539!A8 -> 5 | X12: =+Tabla_549530!A8 -> 5 | Y12: =+Tabla_549531!A8 -> 5 | Z12: =+Tabla_549549!A8 -> 5 | AA12: =+Tabla_549553!A8 -> 5 | AB12: =+Tabla_549550!A8 -> 5 | AC12: =+Tabla_549554!A8 -> 5 | AD12: RECURSOS HUMANOS | AE12: 45201 | AF12: 45175 | AG12: Informacion correspondiente al mes de SEPTIEMBRE 2023.
A13: 2023 | B13: 45170 | C13: 45199 | D13: Servidor(a) público(a) | E13: 9 | F13: AUXILIAR ADMINISTRATIVO | G13: AUXILIAR ADMINISTRATIVO | H13: DIRECCION GENERAL | I13: MA. LOURDES | J13: LOPEZ | K13: FUENTES | L13: Femenino | M13: 9720 | N13: PESOS | O13: 3928 | P13: PESOS | Q13: =+Tabla_549551!A9 -> 6 | R13: =+Tabla_549538!A9 -> 6 | S13: =+Tabla_549552!A9 -> 6 | T13: =+Tabla_549522!A9 -> 6 | U13: =+Tabla_549542!A9 -> 6 | V13: =+Tabla_549529!A9 -> 6 | W13: =+Tabla_549539!A9 -> 6 | X13: =+Tabla_549530!A9 -> 6 | Y13: =+Tabla_549531!A9 -> 6 | Z13: =+Tabla_549549!A9 -> 6 | AA13: =+Tabla_549553!A9 -> 6 | AB13: =+Tabla_549550!A9 -> 6 | AC13: =+Tabla_549554!A9 -> 6 | AD13: RECURSOS HUMANOS | AE13: 45201 | AF13: 45175 | AG13: Informacion correspondiente al mes de SEPTIEMBRE 2023.
A14: 2023 | B14: 45170 | C14: 45199 | D14: Servidor(a) público(a) | E14: 6 | F14: OFICIAL FONTANERO A.P. | G14: OFICIAL FONTANERO A.P. | H14: BRIGADA 1 INST. TOMAS DOM | I14: FERNANDO | J14: HERNANDEZ | K14: MARTINEZ | L14: Masculino | M14: 12240.6 | N14: PESOS | O14: 11114 | P14: PESOS | Q14: =+Tabla_549551!A10 -> 7 | R14: =+Tabla_549538!A10 -> 7 | S14: =+Tabla_549552!A10 -> 7 | T14: =+Tabla_549522!A10 -> 7 | U14: =+Tabla_549542!A10 -> 7 | V14: =+Tabla_549529!A10 -> 7 | W14: =+Tabla_549539!A10 -> 7 | X14: =+Tabla_549530!A10 -> 7 | Y14: =+Tabla_549531!A10 -> 7 | Z14: =+Tabla_549549!A10 -> 7 | AA14: =+Tabla_549553!A10 -> 7 | AB14: =+Tabla_549550!A10 -> 7 | AC14: =+Tabla_549554!A10 -> 7 | AD14: RECURSOS HUMANOS | AE14: 45201 | AF14: 45175 | AG14: Informacion correspondiente al mes de SEPTIEMBRE 2023.
A15: 2023 | B15: 45170 | C15: 45199 | D15: Servidor(a) público(a) | E15: 10 | F15: SOBREESTANTES DE AREA | G15: SOBREESTANTES DE AREA | H15: BRIGADA 5 (VESP.) AGUA POTABLE | I15: ROBERTO | J15: ESPINOSA | K15: GONZALEZ | L15: Masculino | M15: 18000 | N15: PESOS | O15: 17857.5 | P15: PESOS | Q15: =+Tabla_549551!A11 -> 8 | R15: =+Tabla_549538!A11 -> 8 | S15: =+Tabla_549552!A11 -> 8 | T15: =+Tabla_549522!A11 -> 8 | U15: =+Tabla_549542!A11 -> 8 | V15: =+Tabla_549529!A11 -> 8 | W15: =+Tabla_549539!A11 -> 8 | X15: =+Tabla_549530!A11 -> 8 | Y15: =+Tabla_549531!A11 -> 8 | Z15: =+Tabla_549549!A11 -> 8 | AA15: =+Tabla_549553!A11 -> 8 | AB15: =+Tabla_549550!A11 -> 8 | AC15: =+Tabla_549554!A11 -> 8 | AD15: RECURSOS HUMANOS | AE15: 45201 | AF15: 45175 | AG15: Informacion correspondiente al mes de SEPTIEMBRE 2023.
A16: 2023 | B16: 45170 | C16: 45199 | D16: Servidor(a) público(a) | E16: 4 | F16: ALBAÑIL | G16: ALBAÑIL | H16: BRIGADA 1 INST. DESCARGAS SAN. | I16: AMADOR | J16: CASTILLO | K16: ZUÑIGA | L16: Masculino | M16: 12479.7 | N16: PESOS | O16: 9334.5 | P16: PESOS | Q16: =+Tabla_549551!A12 -> 9 | R16: =+Tabla_549538!A12 -> 9 | S16: =+Tabla_549552!A12 -> 9 | T16: =+Tabla_549522!A12 -> 9 | U16: =+Tabla_549542!A12 -> 9 | V16: =+Tabla_549529!A12 -> 9 | W16: =+Tabla_549539!A12 -> 9 | X16: =+Tabla_549530!A12 -> 9 | Y16: =+Tabla_549531!A12 -> 9 | Z16: =+Tabla_549549!A12 -> 9 | AA16: =+Tabla_549553!A12 -> 9 | AB16: =+Tabla_549550!A12 -> 9 | AC16: =+Tabla_549554!A12 -> 9 | AD16: RECURSOS HUMANOS | AE16: 45201 | AF16: 45175 | AG16: Informacion correspondiente al mes de SEPTIEMBRE 2023.
A17: 2023 | B17: 45170 | C17: 45199 | D17: Servidor(a) público(a) | E17: 5 | F17: NOTIFICADOR | G17: NOTIFICADOR | H17: EMISION DE LA FACTURACION | I17: CANDIDO | J17: MARTINEZ | K17: SOLANO | L17: Masculino | M17: 10602.6 | N17: PESOS | O17: 2516 | P17: PESOS | Q17: =+Tabla_549551!A13 -> 10 | R17: =+Tabla_549538!A13 -> 10 | S17: =+Tabla_549552!A13 -> 10 | T17: =+Tabla_549522!A13 -> 10 | U17: =+Tabla_549542!A13 -> 10 | V17: =+Tabla_549529!A13 -> 10 | W17: =+Tabla_549539!A13 -> 10 | X17: =+Tabla_549530!A13 -> 10 | Y17: =+Tabla_549531!A13 -> 10 | Z17: =+Tabla_549549!A13 -> 10 | AA17: =+Tabla_549553!A13 -> 10 | AB17: =+Tabla_549550!A13 -> 10 | AC17: =+Tabla_549554!A13 -> 10 | AD17: RECURSOS HUMANOS | AE17: 45201 | AF17: 45175 | AG17: Informacion correspondiente al mes de SEPTIEMBRE 2023.
A18: 2023 | B18: 45170 | C18: 45199 | D18: Servidor(a) público(a) | E18: 17 | F18: COORDINADOR DE PADRON DE USUARIOS | G18: COORDINADOR DE PADRON DE USUARIOS | H18: CONTROL DE USUARIOS | I18: SERGIO ARMANDO | J18: MARTINEZ | K18: SANCHEZ | L18: Masculino | M18: 20781 | N18: PESOS | O18: 11419.5 | P18: PESOS | Q18: =+Tabla_549551!A14 -> 11 | R18: =+Tabla_549538!A14 -> 11 | S18: =+Tabla_549552!A14 -> 11 | T18: =+Tabla_549522!A14 -> 11 | U18: =+Tabla_549542!A14 -> 11 | V18: =+Tabla_549529!A14 -> 11 | W18: =+Tabla_549539!A14 -> 11 | X18: =+Tabla_549530!A14 -> 11 | Y18: =+Tabla_549531!A14 -> 11 | Z18: =+Tabla_549549!A14 -> 11 | AA18: =+Tabla_549553!A14 -> 11 | AB18: =+Tabla_549550!A14 -> 11 | AC18: =+Tabla_549554!A14 -> 11 | AD18: RECURSOS HUMANOS | AE18: 45201 | AF18: 45175 | AG18: Informacion correspondiente al mes de SEPTIEMBRE 2023.
A19: 2023 | B19: 45170 | C19: 45199 | D19: Servidor(a) público(a) | E19: 3 | F19: OPERADOR DE BOMBEO | G19: OPERADOR DE BOMBEO | H19: POTABILIZACION | I19: ALEJANDRO | J19: ESTRADA | K19: ESCOBAR | L19: Masculino | M19: 12219.6 | N19: PESOS | O19: 15235.5 | P19: PESOS | Q19: =+Tabla_549551!A15 -> 12 | R19: =+Tabla_549538!A15 -> 12 | S19: =+Tabla_549552!A15 -> 12 | T19: =+Tabla_549522!A15 -> 12 | U19: =+Tabla_549542!A15 -> 12 | V19: =+Tabla_549529!A15 -> 12 | W19: =+Tabla_549539!A15 -> 12 | X19: =+Tabla_549530!A15 -> 12 | Y19: =+Tabla_549531!A15 -> 12 | Z19: =+Tabla_549549!A15 -> 12 | AA19: =+Tabla_549553!A15 -> 12 | AB19: =+Tabla_549550!A15 -> 12 | AC19: =+Tabla_549554!A15 -> 12 | AD19: RECURSOS HUMANOS | AE19: 45201 | AF19: 45175 | AG19: Informacion correspondiente al mes de SEPTIEMBRE 2023.
... A227: 2023 | B227: 45170 | C227: 45199 | D227: Servidor(a) público(a) | E227: 16 | F227: AUTORIDAD SUBSTANCIADORA | G227: AUTORIDAD SUBSTANCIADORA | H227: CONTRALORIA INTERNA | I227: BALTAZAR | J227: FIGUEROA | K227: JUAREZ | L227: Masculino | M227: 17000.1 | N227: PESOS | O227: 14468 | P227: PESOS | Q227: =+Tabla_549551!A223 -> 220 | R227: =+Tabla_549538!A223 -> 220 | S227: =+Tabla_549552!A223 -> 220 | T227: =+Tabla_549522!A223 -> 220 | U227: =+Tabla_549542!A223 -> 220 | V227: =+Tabla_549529!A223 -> 220 | W227: =+Tabla_549539!A223 -> 220 | X227: =+Tabla_549530!A223 -> 220 | Y227: =+Tabla_549531!A223 -> 220 | Z227: =+Tabla_549549!A223 -> 220 | AA227: =+Tabla_549553!A223 -> 220 | AB227: =+Tabla_549550!A223 -> 220 | AC227: =+Tabla_549554!A223 -> 220 | AD227: RECURSOS HUMANOS | AE227: 45201 | AF227: 45175 | AG227: Informacion correspondiente al mes de SEPTIEMBRE 2023.

Sheet Hidden_1
A1: Funcionario
A2: Servidor(a) público(a)
A3: Servidor[a] público[a] eventual
A4: Integrante
A5: Empleado
A6: Representante popular
A7: Miembro del poder judicial
A8: Miembro de órgano autónomo
A9: Personal de confianza
A10: Prestador de servicios profesionales
A11: Otro

Sheet Hidden_2
A1: Femenino
A2: Masculino

Sheet Tabla_549551
B1: 2 | C1: 6 | D1: 6 | E1: 1 | F1: 1
B2: 70050 | C2: 70051 | D2: 70052 | E2: 70053 | F2: 70054
A3: ID | B3: Denominación de las percepciones adicionales en dinero | C3: Monto bruto de las percepciones adicionales en dinero | D3: Monto neto de las percepciones adicionales en dinero | E3: Tipo de moneda de las percepciones adicionales en dinero | F3: Periodicidad de las percepciones adicionales en dinero
A4: 1 | B4: NO SE GENERA INFORMACION | C4: 0 | D4: 0 | E4: PESOS | F4: NO SE GENERA INFORMACION
A5: 2 | B5: NO SE GENERA INFORMACION | C5: 0 | D5: 0 | E5: PESOS | F5: NO SE GENERA INFORMACION
A6: 3 | B6: NO SE GENERA INFORMACION | C6: 0 | D6: 0 | E6: PESOS | F6: NO SE GENERA INFORMACION
A7: 4 | B7: NO SE GENERA INFORMACION | C7: 0 | D7: 0 | E7: PESOS | F7: NO SE GENERA INFORMACION
A8: 5 | B8: NO SE GENERA INFORMACION | C8: 0 | D8: 0 | E8: PESOS | F8: NO SE GENERA INFORMACION
A9: 6 | B9: NO SE GENERA INFORMACION | C9: 0 | D9: 0 | E9: PESOS | F9: NO SE GENERA INFORMACION
A10: 7 | B10: NO SE GENERA INFORMACION | C10: 0 | D10: 0 | E10: PESOS | F10: NO SE GENERA INFORMACION
A11: 8 | B11: NO SE GENERA INFORMACION | C11: 0 | D11: 0 | E11: PESOS | F11: NO SE GENERA INFORMACION
A12: 9 | B12: NO SE GENERA INFORMACION | C12: 0 | D12: 0 | E12: PESOS | F12: NO SE GENERA INFORMACION
A13: 10 | B13: NO SE GENERA INFORMACION | C13: 0 | D13: 0 | E13: PESOS | F13: NO SE GENERA INFORMACION
A14: 11 | B14: NO SE GENERA INFORMACION | C14: 0 | D14: 0 | E14: PESOS | F14: NO SE GENERA INFORMACION
A15: 12 | B15: NO SE GENERA INFORMACION | C15: 0 | D15: 0 | E15: PESOS | F15: NO SE GENERA INFORMACION
... A223: 220 | B223: NO SE GENERA INFORMACION | C223: 0 | D223: 0 | E223: PESOS | F223: NO SE GENERA INFORMACION

Sheet Tabla_549538
B1: 2 | C1: 1
B2: 70028 | C2: 70029
A3: ID | B3: Descripción de las percepciones adicionales en especie | C3: Periodicidad de las percepciones adicionales en especie
A4: 1 | B4: NO SE GENERA INFORMACION | C4: NO SE GENERA INFORMACION
A5: 2 | B5: NO SE GENERA INFORMACION | C5: NO SE GENERA INFORMACION
A6: 3 | B6: NO SE GENERA INFORMACION | C6: NO SE GENERA INFORMACION
A7: 4 | B7: NO SE GENERA INFORMACION | C7: NO SE GENERA INFORMACION
A8: 5 | B8: NO SE GENERA INFORMACION | C8: NO SE GENERA INFORMACION
A9: 6 | B9: NO SE GENERA INFORMACION | C9: NO SE GENERA INFORMACION
A10: 7 | B10: NO SE GENERA INFORMACION | C10: NO SE GENERA INFORMACION
A11: 8 | B11: NO SE GENERA INFORMACION | C11: NO SE GENERA INFORMACION
A12: 9 | B12: NO SE GENERA INFORMACION | C12: NO SE GENERA INFORMACION
A13: 10 | B13: NO SE GENERA INFORMACION | C13: NO SE GENERA INFORMACION
A14: 11 | B14: NO SE GENERA INFORMACION | C14: NO SE GENERA INFORMACION
A15: 12 | B15: NO SE GENERA INFORMACION | C15: NO SE GENERA INFORMACION
... A223: 220 | B223: NO SE GENERA INFORMACION | C223: NO SE GENERA INFORMACION

Sheet Tabla_549552
B1: 2 | C1: 6 | D1: 6 | E1: 1 | F1: 1
B2: 70057 | C2: 70058 | D2: 70059 | E2: 70055 | F2: 70056
A3: ID | B3: Denominación de los ingresos | C3: Monto bruto de los ingresos | D3: Monto neto de los ingresos | E3: Tipo de moneda de los ingresos | F3: Periodicidad de los ingresos
A4: 1 | B4: PERCEPCIONES | C4: 16465.37 | D4: 16465.37 | E4: PESOS | F4: MENSUAL
A5: 2 | B5: PERCEPCIONES | C5: 33000 | D5: 33000 | E5: PESOS | F5: MENSUAL
A6: 3 | B6: PERCEPCIONES | C6: 47857.5 | D6: 47857.5 | E6: PESOS | F6: MENSUAL
A7: 4 | B7: PERCEPCIONES | C7: 19077.6 | D7: 19077.6 | E7: PESOS | F7: MENSUAL
A8: 5 | B8: PERCEPCIONES | C8: 29882.98 | D8: 29882.98 | E8: PESOS | F8: MENSUAL
A9: 6 | B9: PERCEPCIONES | C9: 9720 | D9: 9720 | E9: PESOS | F9: MENSUAL
A10: 7 | B10: PERCEPCIONES | C10: 14064.66 | D10: 14064.66 | E10: PESOS | F10: MENSUAL
A11: 8 | B11: PERCEPCIONES | C11: 24214.44 | D11: 24214.44 | E11: PESOS | F11: MENSUAL
A12: 9 | B12: PERCEPCIONES | C12: 14328.08 | D12: 14328.08 | E12: PESOS | F12: MENSUAL
A13: 10 | B13: PERCEPCIONES | C13: 11202.81 | D13: 11202.81 | E13: PESOS | F13: MENSUAL
A14: 11 | B14: PERCEPCIONES | C14: 21381 | D14: 21381 | E14: PESOS | F14: MENSUAL
A15: 12 | B15: PERCEPCIONES | C15: 18507.76 | D15: 18507.76 | E15: PESOS | F15: MENSUAL
... A223: 220 | B223: PERCEPCIONES | C223: 17000.1 | D223: 17000.1 | E223: PESOS | F223: MENSUAL

Sheet Tabla_549522
B1: 1 | C1: 6 | D1: 6 | E1: 1 | F1: 1
B2: 70008 | C2: 70009 | D2: 70010 | E2: 70011 | F2: 70012
A3: ID | B3: Denominación de los sistemas de compensación | C3: Monto bruto de los sistemas de compensación | D3: Monto neto de los sistemas de compensación | E3: Tipo de moneda de los sistemas de compensación | F3: Periodicidad de los sistemas de compensación
A4: 1 | B4: COMPENSACION | C4: 1058.52 | D4: 1058.52 | E4: PESOS | F4: MENSUAL
A5: 2 | B5: COMPENSACION | C5: 0 | D5: 0 | E5: PESOS | F5: MENSUAL
A6: 3 | B6: COMPENSACION | C6: 0 | D6: 0 | E6: PESOS | F6: MENSUAL
A7: 4 | B7: COMPENSACION | C7: 0 | D7: 0 | E7: PESOS | F7: MENSUAL
A8: 5 | B8: COMPENSACION | C8: 0 | D8: 0 | E8: PESOS | F8: MENSUAL
A9: 6 | B9: COMPENSACION | C9: 0 | D9: 0 | E9: PESOS | F9: MENSUAL
A10: 7 | B10: COMPENSACION | C10: 1224.06 | D10: 1224.06 | E10: PESOS | F10: MENSUAL
A11: 8 | B11: COMPENSACION | C11: 0 | D11: 0 | E11: PESOS | F11: MENSUAL
A12: 9 | B12: COMPENSACION | C12: 1247.98 | D12: 1247.98 | E12: PESOS | F12: MENSUAL
A13: 10 | B13: COMPENSACION | C13: 0 | D13: 0 | E13: PESOS | F13: MENSUAL
A14: 11 | B14: COMPENSACION | C14: 0 | D14: 0 | E14: PESOS | F14: MENSUAL
A15: 12 | B15: COMPENSACION | C15: 1221.96 | D15: 1221.96 | E15: PESOS | F15: MENSUAL
... A223: 220 | B223: COMPENSACION | C223: 0 | D223: 0 | E223: PESOS | F223: MENSUAL

Sheet Tabla_549542
B1: 1 | C1: 6 | D1: 6 | E1: 1 | F1: 1
B2: 70035 | C2: 70036 | D2: 70037 | E2: 70038 | F2: 70039
A3: ID | B3: Denominación de las gratificaciones | C3: Monto bruto de las gratificaciones | D3: Monto neto de las gratificaciones | E3: Tipo de moneda de las gratificaciones | F3: Periodicidad de las gratificaciones
A4: 1 | B4: AGUINALDO | C4: 0 | D4: 0 | E4: PESOS | F4: NO SE GENERA INFORMACION
A5: 2 | B5: AGUINALDO | C5: 0 | D5: 0 | E5: PESOS | F5: NO SE GENERA INFORMACION
A6: 3 | B6: AGUINALDO | C6: 0 | D6: 0 | E6: PESOS | F6: NO SE GENERA INFORMACION
A7: 4 | B7: AGUINALDO | C7: 0 | D7: 0 | E7: PESOS | F7: NO SE GENERA INFORMACION
A8: 5 | B8: AGUINALDO | C8: 0 | D8: 0 | E8: PESOS | F8: NO SE GENERA INFORMACION
A9: 6 | B9: AGUINALDO | C9: 0 | D9: 0 | E9: PESOS | F9: NO SE GENERA INFORMACION
A10: 7 | B10: AGUINALDO | C10: 0 | D10: 0 | E10: PESOS | F10: NO SE GENERA INFORMACION
A11: 8 | B11: AGUINALDO | C11: 0 | D11: 0 | E11: PESOS | F11: NO SE GENERA INFORMACION
A12: 9 | B12: AGUINALDO | C12: 0 | D12: 0 | E12: PESOS | F12: NO SE GENERA INFORMACION
A13: 10 | B13: AGUINALDO | C13: 0 | D13: 0 | E13: PESOS | F13: NO SE GENERA INFORMACION
A14: 11 | B14: AGUINALDO | C14: 0 | D14: 0 | E14: PESOS | F14: NO SE GENERA INFORMACION
A15: 12 | B15: AGUINALDO | C15: 0 | D15: 0 | E15: PESOS | F15: NO SE GENERA INFORMACION
... A223: 220 | B223: AGUINALDO | C223: 0 | D223: 0 | E223: PESOS | F223: NO SE GENERA INFORMACION

Sheet Tabla_549529
B1: 1 | C1: 6 | D1: 6 | E1: 1 | F1: 1
B2: 70013 | C2: 70014 | D2: 70015 | E2: 70016 | F2: 70017
A3: ID | B3: Denominación de las primas | C3: Monto bruto de las primas | D3: Monto neto de las primas | E3: Tipo de moneda de las primas | F3: Periodicidad de las primas
A4: 1 | B4: PRIMAS VACACIONALES Y DOMINICALES | C4: 793.89 | D4: 793.89 | E4: PESOS | F4: MENSUAL
A5: 2 | B5: PRIMAS VACACIONALES Y DOMINICALES | C5: 0 | D5: 0 | E5: PESOS | F5: MENSUAL
A6: 3 | B6: PRIMAS VACACIONALES Y DOMINICALES | C6: 0 | D6: 0 | E6: PESOS | F6: MENSUAL
A7: 4 | B7: PRIMAS VACACIONALES Y DOMINICALES | C7: 0 | D7: 0 | E7: PESOS | F7: MENSUAL
A8: 5 | B8: PRIMAS VACACIONALES Y DOMINICALES | C8: 424.4 | D8: 424.4 | E8: PESOS | F8: MENSUAL
A9: 6 | B9: PRIMAS VACACIONALES Y DOMINICALES | C9: 0 | D9: 0 | E9: PESOS | F9: MENSUAL
A10: 7 | B10: PRIMAS VACACIONALES Y DOMINICALES | C10: 0 | D10: 0 | E10: PESOS | F10: MENSUAL
A11: 8 | B11: PRIMAS VACACIONALES Y DOMINICALES | C11: 300 | D11: 300 | E11: PESOS | F11: MENSUAL
A12: 9 | B12: PRIMAS VACACIONALES Y DOMINICALES | C12: 0 | D12: 0 | E12: PESOS | F12: MENSUAL
A13: 10 | B13: PRIMAS VACACIONALES Y DOMINICALES | C13: 0 | D13: 0 | E13: PESOS | F13: MENSUAL
A14: 11 | B14: PRIMAS VACACIONALES Y DOMINICALES | C14: 0 | D14: 0 | E14: PESOS | F14: MENSUAL
A15: 12 | B15: PRIMAS VACACIONALES Y DOMINICALES | C15: 509.15 | D15: 509.15 | E15: PESOS | F15: MENSUAL
... A223: 220 | B223: PRIMAS VACACIONALES Y DOMINICALES | C223: 0 | D223: 0 | E223: PESOS | F223: MENSUAL

Sheet Tabla_549539
B1: 1 | C1: 6 | D1: 6 | E1: 1 | F1: 1
B2: 70030 | C2: 70031 | D2: 70032 | E2: 70033 | F2: 70034
A3: ID | B3: Denominación de las comisiones | C3: Monto bruto de las comisiones | D3: Monto neto de las comisiones | E3: Tipo de moneda de las comisiones | F3: Periodicidad de las comisiones
A4: 1 | B4: NO SE GENERA INFORMACION | C4: 0 | D4: 0 | E4: PESOS | F4: NO SE GENERA INFORMACION
A5: 2 | B5: NO SE GENERA INFORMACION | C5: 0 | D5: 0 | E5: PESOS | F5: NO SE GENERA INFORMACION
A6: 3 | B6: NO SE GENERA INFORMACION | C6: 0 | D6: 0 | E6: PESOS | F6: NO SE GENERA INFORMACION
A7: 4 | B7: NO SE GENERA INFORMACION | C7: 0 | D7: 0 | E7: PESOS | F7: NO SE GENERA INFORMACION
A8: 5 | B8: NO SE GENERA INFORMACION | C8: 0 | D8: 0 | E8: PESOS | F8: NO SE GENERA INFORMACION
A9: 6 | B9: NO SE GENERA INFORMACION | C9: 0 | D9: 0 | E9: PESOS | F9: NO SE GENERA INFORMACION
A10: 7 | B10: NO SE GENERA INFORMACION | C10: 0 | D10: 0 | E10: PESOS | F10: NO SE GENERA INFORMACION
A11: 8 | B11: NO SE GENERA INFORMACION | C11: 0 | D11: 0 | E11: PESOS | F11: NO SE GENERA INFORMACION
A12: 9 | B12: NO SE GENERA INFORMACION | C12: 0 | D12: 0 | E12: PESOS | F12: NO SE GENERA INFORMACION
A13: 10 | B13: NO SE GENERA INFORMACION | C13: 0 | D13: 0 | E13: PESOS | F13: NO SE GENERA INFORMACION
A14: 11 | B14: NO SE GENERA INFORMACION | C14: 0 | D14: 0 | E14: PESOS | F14: NO SE GENERA INFORMACION
A15: 12 | B15: NO SE GENERA INFORMACION | C15: 0 | D15: 0 | E15: PESOS | F15: NO SE GENERA INFORMACION
... A223: 220 | B223: NO SE GENERA INFORMACION | C223: 0 | D223: 0 | E223: PESOS | F223: NO SE GENERA INFORMACION

Sheet Tabla_549530
B1: 1 | C1: 6 | D1: 6 | E1: 1 | F1: 1
B2: 70018 | C2: 70019 | D2: 70020 | E2: 70021 | F2: 70022
A3: ID | B3: Denominación de las dietas | C3: Monto bruto de las dietas | D3: Monto neto de las dietas | E3: Tipo de moneda de las dietas | F3: Periodicidad de las dietas
A4: 1 | B4: NO SE GENERA INFORMACION | C4: 0 | D4: 0 | E4: PESOS | F4: NO SE GENERA INFORMACION
A5: 2 | B5: NO SE GENERA INFORMACION | C5: 0 | D5: 0 | E5: PESOS | F5: NO SE GENERA INFORMACION
A6: 3 | B6: NO SE GENERA INFORMACION | C6: 0 | D6: 0 | E6: PESOS | F6: NO SE GENERA INFORMACION
A7: 4 | B7: NO SE GENERA INFORMACION | C7: 0 | D7: 0 | E7: PESOS | F7: NO SE GENERA INFORMACION
A8: 5 | B8: NO SE GENERA INFORMACION | C8: 0 | D8: 0 | E8: PESOS | F8: NO SE GENERA INFORMACION
A9: 6 | B9: NO SE GENERA INFORMACION | C9: 0 | D9: 0 | E9: PESOS | F9: NO SE GENERA INFORMACION
A10: 7 | B10: NO SE GENERA INFORMACION | C10: 0 | D10: 0 | E10: PESOS | F10: NO SE GENERA INFORMACION
A11: 8 | B11: NO SE GENERA INFORMACION | C11: 0 | D11: 0 | E11: PESOS | F11: NO SE GENERA INFORMACION
A12: 9 | B12: NO SE GENERA INFORMACION | C12: 0 | D12: 0 | E12: PESOS | F12: NO SE GENERA INFORMACION
A13: 10 | B13: NO SE GENERA INFORMACION | C13: 0 | D13: 0 | E13: PESOS | F13: NO SE GENERA INFORMACION
A14: 11 | B14: NO SE GENERA INFORMACION | C14: 0 | D14: 0 | E14: PESOS | F14: NO SE GENERA INFORMACION
A15: 12 | B15: NO SE GENERA INFORMACION | C15: 0 | D15: 0 | E15: PESOS | F15: NO SE GENERA INFORMACION
... A223: 220 | B223: NO SE GENERA INFORMACION | C223: 0 | D223: 0 | E223: PESOS | F223: NO SE GENERA INFORMACION

Sheet Tabla_549531
B1: 1 | C1: 6 | D1: 6 | E1: 1 | F1: 1
B2: 70023 | C2: 70024 | D2: 70025 | E2: 70026 | F2: 70027
A3: ID | B3: Denominación de los bonos | C3: Monto bruto de los bonos | D3: Monto neto de los bonos | E3: Tipo de moneda de los bonos | F3: Periodicidad de los bonos
A4: 1 | B4: BONO QUINQUENAL | C4: 600 | D4: 600 | E4: PESOS | F4: MENSUAL
A5: 2 | B5: BONO QUINQUENAL | C5: 300 | D5: 300 | E5: PESOS | F5: MENSUAL
A6: 3 | B6: BONO QUINQUENAL | C6: 300 | D6: 300 | E6: PESOS | F6: MENSUAL
A7: 4 | B7: BONO QUINQUENAL | C7: 600 | D7: 600 | E7: PESOS | F7: MENSUAL
A8: 5 | B8: BONO QUINQUENAL | C8: 600 | D8: 600 | E8: PESOS | F8: MENSUAL
A9: 6 | B9: BONO QUINQUENAL | C9: 0 | D9: 0 | E9: PESOS | F9: MENSUAL
A10: 7 | B10: BONO QUINQUENAL | C10: 600 | D10: 600 | E10: PESOS | F10: MENSUAL
A11: 8 | B11: BONO QUINQUENAL | C11: 600 | D11: 600 | E11: PESOS | F11: MENSUAL
A12: 9 | B12: BONO QUINQUENAL | C12: 600 | D12: 600 | E12: PESOS | F12: MENSUAL
A13: 10 | B13: BONO QUINQUENAL | C13: 600 | D13: 600 | E13: PESOS | F13: MENSUAL
A14: 11 | B14: BONO QUINQUENAL | C14: 600 | D14: 600 | E14: PESOS | F14: MENSUAL
A15: 12 | B15: BONO QUINQUENAL | C15: 600 | D15: 600 | E15: PESOS | F15: MENSUAL
... A223: 220 | B223: BONO QUINQUENAL | C223: 0 | D223: 0 | E223: PESOS | F223: MENSUAL

Sheet Tabla_549549
B1: 1 | C1: 6 | D1: 6 | E1: 1 | F1: 1
B2: 70040 | C2: 70041 | D2: 70042 | E2: 70043 | F2: 70044
A3: ID | B3: Denominación de los estímulos | C3: Monto bruto de los estímulos | D3: Monto neto de los estímulos | E3: Tipo de moneda de los estímulos | F3: Periodicidad de los estímulos
A4: 1 | B4: NO SE GENERA INFORMACION | C4: 0 | D4: 0 | E4: PESOS | F4: NO SE GENERA INFORMACION
A5: 2 | B5: NO SE GENERA INFORMACION | C5: 0 | D5: 0 | E5: PESOS | F5: NO SE GENERA INFORMACION
A6: 3 | B6: NO SE GENERA INFORMACION | C6: 0 | D6: 0 | E6: PESOS | F6: NO SE GENERA INFORMACION
A7: 4 | B7: NO SE GENERA INFORMACION | C7: 0 | D7: 0 | E7: PESOS | F7: NO SE GENERA INFORMACION
A8: 5 | B8: NO SE GENERA INFORMACION | C8: 0 | D8: 0 | E8: PESOS | F8: NO SE GENERA INFORMACION
A9: 6 | B9: NO SE GENERA INFORMACION | C9: 0 | D9: 0 | E9: PESOS | F9: NO SE GENERA INFORMACION
A10: 7 | B10: NO SE GENERA INFORMACION | C10: 0 | D10: 0 | E10: PESOS | F10: NO SE GENERA INFORMACION
A11: 8 | B11: NO SE GENERA INFORMACION | C11: 0 | D11: 0 | E11: PESOS | F11: NO SE GENERA INFORMACION
A12: 9 | B12: NO SE GENERA INFORMACION | C12: 0 | D12: 0 | E12: PESOS | F12: NO SE GENERA INFORMACION
A13: 10 | B13: NO SE GENERA INFORMACION | C13: 0 | D13: 0 | E13: PESOS | F13: NO SE GENERA INFORMACION
A14: 11 | B14: NO SE GENERA INFORMACION | C14: 0 | D14: 0 | E14: PESOS | F14: NO SE GENERA INFORMACION
A15: 12 | B15: NO SE GENERA INFORMACION | C15: 0 | D15: 0 | E15: PESOS | F15: NO SE GENERA INFORMACION
... A223: 220 | B223: NO SE GENERA INFORMACION | C223: 0 | D223: 0 | E223: PESOS | F223: NO SE GENERA INFORMACION

Sheet Tabla_549553
B1: 1 | C1: 6 | D1: 6 | E1: 1 | F1: 1
B2: 70060 | C2: 70061 | D2: 70062 | E2: 70063 | F2: 70064
A3: ID | B3: Denominación de los apoyos económicos | C3: Monto bruto de los apoyos económicos | D3: Monto neto de los apoyos económicos | E3: Tipo de moneda de los apoyos económicos | F3: Periodicidad de los apoyos económicos
A4: 1 | B4: NO SE GENERA INFORMACION | C4: 0 | D4: 0 | E4: PESOS | F4: NO SE GENERA INFORMACION
A5: 2 | B5: NO SE GENERA INFORMACION | C5: 0 | D5: 0 | E5: PESOS | F5: NO SE GENERA INFORMACION
A6: 3 | B6: NO SE GENERA INFORMACION | C6: 0 | D6: 0 | E6: PESOS | F6: NO SE GENERA INFORMACION
A7: 4 | B7: NO SE GENERA INFORMACION | C7: 0 | D7: 0 | E7: PESOS | F7: NO SE GENERA INFORMACION
A8: 5 | B8: NO SE GENERA INFORMACION | C8: 0 | D8: 0 | E8: PESOS | F8: NO SE GENERA INFORMACION
A9: 6 | B9: NO SE GENERA INFORMACION | C9: 0 | D9: 0 | E9: PESOS | F9: NO SE GENERA INFORMACION
A10: 7 | B10: NO SE GENERA INFORMACION | C10: 0 | D10: 0 | E10: PESOS | F10: NO SE GENERA INFORMACION
A11: 8 | B11: NO SE GENERA INFORMACION | C11: 0 | D11: 0 | E11: PESOS | F11: NO SE GENERA INFORMACION
A12: 9 | B12: NO SE GENERA INFORMACION | C12: 0 | D12: 0 | E12: PESOS | F12: NO SE GENERA INFORMACION
A13: 10 | B13: NO SE GENERA INFORMACION | C13: 0 | D13: 0 | E13: PESOS | F13: NO SE GENERA INFORMACION
A14: 11 | B14: NO SE GENERA INFORMACION | C14: 0 | D14: 0 | E14: PESOS | F14: NO SE GENERA INFORMACION
A15: 12 | B15: NO SE GENERA INFORMACION | C15: 0 | D15: 0 | E15: PESOS | F15: NO SE GENERA INFORMACION
... A223: 220 | B223: NO SE GENERA INFORMACION | C223: 0 | D223: 0 | E223: PESOS | F223: NO SE GENERA INFORMACION

Sheet Tabla_549550
B1: 1 | C1: 6 | D1: 6 | E1: 1 | F1: 1
B2: 70045 | C2: 70046 | D2: 70047 | E2: 70048 | F2: 70049
A3: ID | B3: Denominación de las prestaciones económicas | C3: Monto bruto de las prestaciones económicas | D3: Monto neto de las prestaciones económicas | E3: Tipo de moneda de las prestaciones económicas | F3: Periodicidad de las prestaciones económicas
A4: 1 | B4: NO SE GENERA INFORMACION | C4: 0 | D4: 0 | E4: PESOS | F4: NO SE GENERA INFORMACION
A5: 2 | B5: NO SE GENERA INFORMACION | C5: 0 | D5: 0 | E5: PESOS | F5: NO SE GENERA INFORMACION
A6: 3 | B6: NO SE GENERA INFORMACION | C6: 0 | D6: 0 | E6: PESOS | F6: NO SE GENERA INFORMACION
A7: 4 | B7: NO SE GENERA INFORMACION | C7: 0 | D7: 0 | E7: PESOS | F7: NO SE GENERA INFORMACION
A8: 5 | B8: NO SE GENERA INFORMACION | C8: 0 | D8: 0 | E8: PESOS | F8: NO SE GENERA INFORMACION
A9: 6 | B9: NO SE GENERA INFORMACION | C9: 0 | D9: 0 | E9: PESOS | F9: NO SE GENERA INFORMACION
A10: 7 | B10: NO SE GENERA INFORMACION | C10: 0 | D10: 0 | E10: PESOS | F10: NO SE GENERA INFORMACION
A11: 8 | B11: NO SE GENERA INFORMACION | C11: 0 | D11: 0 | E11: PESOS | F11: NO SE GENERA INFORMACION
A12: 9 | B12: NO SE GENERA INFORMACION | C12: 0 | D12: 0 | E12: PESOS | F12: NO SE GENERA INFORMACION
A13: 10 | B13: NO SE GENERA INFORMACION | C13: 0 | D13: 0 | E13: PESOS | F13: NO SE GENERA INFORMACION
A14: 11 | B14: NO SE GENERA INFORMACION | C14: 0 | D14: 0 | E14: PESOS | F14: NO SE GENERA INFORMACION
A15: 12 | B15: NO SE GENERA INFORMACION | C15: 0 | D15: 0 | E15: PESOS | F15: NO SE GENERA INFORMACION
... A223: 220 | B223: NO SE GENERA INFORMACION | C223: 0 | D223: 0 | E223: PESOS | F223: NO SE GENERA INFORMACION

Sheet Tabla_549554
B1: 1 | C1: 1
B2: 70065 | C2: 70066
A3: ID | B3: Descripción de las prestaciones en especie | C3: Periodicidad de las prestaciones en especie
A4: 1 | B4: NO SE GENERA INFORMACION | C4: NO SE GENERA INFORMACION
A5: 2 | B5: NO SE GENERA INFORMACION | C5: NO SE GENERA INFORMACION
A6: 3 | B6: NO SE GENERA INFORMACION | C6: NO SE GENERA INFORMACION
A7: 4 | B7: NO SE GENERA INFORMACION | C7: NO SE GENERA INFORMACION
A8: 5 | B8: NO SE GENERA INFORMACION | C8: NO SE GENERA INFORMACION
A9: 6 | B9: NO SE GENERA INFORMACION | C9: NO SE GENERA INFORMACION
A10: 7 | B10: NO SE GENERA INFORMACION | C10: NO SE GENERA INFORMACION
A11: 8 | B11: NO SE GENERA INFORMACION | C11: NO SE GENERA INFORMACION
A12: 9 | B12: NO SE GENERA INFORMACION | C12: NO SE GENERA INFORMACION
A13: 10 | B13: NO SE GENERA INFORMACION | C13: NO SE GENERA INFORMACION
A14: 11 | B14: NO SE GENERA INFORMACION | C14: NO SE GENERA INFORMACION
A15: 12 | B15: NO SE GENERA INFORMACION | C15: NO SE GENERA INFORMACION
... A223: 220 | B223: NO SE GENERA INFORMACION | C223: NO SE GENERA INFORMACION
